 Dungeon Crawl Stone Soup version 0.25.0-41-g26779e291d (webtiles) character file.

Game seed: 6736135528356305539

431 schauveau the Skirmisher (level 6, 0/56 HPs)
             Began as a Minotaur Monk on July 10, 2020.
             Was an Initiate of Gozag.
             Slain by an ogre
             ... wielding a +0 giant club
              (4 damage)
             ... on level 5 of the Dungeon.
             The game lasted 00:07:48 (5052 turns).

schauveau the Skirmisher (Minotaur Monk)            Turns: 5052, Time: 00:07:49

Health: 0/56       AC: 13    Str: 17    XL:     6   Next: 66%
Magic:  5/5        EV:  6    Int:  7    God:    Gozag
Gold:   343        SH:  9    Dex: 13    Spells: 5/5 levels left

rFire    + . .     SeeInvis .   a - +0 hand axe
rCold    . . .     Gourm    .   m - +0 kite shield
rNeg     . . .     Faith    .   A - +0 chain mail
rPois    .         Spirit   .   (helmet restricted)
rElec    .         Reflect  .   w - +0 cloak
rCorr    .         Harm     .   z - +2 pair of gloves
MR       .....                  (no boots)
Stlth    ..........             (no amulet)
HPRegen  0.18/turn              p - ring of protection from fire
MPRegen  0.09/turn              q - ring of flight

@: no status effects
A: retaliatory headbutt, horns 2
a: Potion Petition, Call Merchant, Bribe Branch, Renounce Religion, Evoke Flight


You were on level 5 of the Dungeon.
You worshipped Gozag.
Gozag was aware of your devotion.
You were not hungry.

You visited 2 branches of the dungeon, and saw 6 of its levels.

You collected 343 gold pieces.

Inventory:

Hand Weapons
 a - a +0 hand axe (weapon)
 r - a +2 flail of protection
 t - a +0 morningstar
Missiles
 l - 7 silver javelins (quivered)
 x - 4 boomerangs
 y - 4 silver boomerangs
Armour
 m - a +0 kite shield (worn)
 w - a +0 cloak (worn)
 z - a +2 pair of gloves (worn)
 A - a +0 chain mail (worn)
Jewellery
 p - a ring of protection from fire (left hand)
 q - a ring of flight (right hand)
Scrolls
 d - a scroll of enchant weapon {unknown}
 f - 3 scrolls of magic mapping {unknown}
 h - 6 scrolls of teleportation
 i - a scroll of enchant armour
 j - 3 scrolls of remove curse
 u - 2 scrolls of amnesia
 v - a scroll of random uselessness {unknown}
Potions
 b - a potion of brilliance
 e - a potion of magic
 g - a potion of haste
 k - a potion of lignification
 n - 2 potions of curing {unknown}
 o - 2 potions of mutation {unknown}
 s - a potion of heal wounds {unknown}
Comestibles
 c - 5 rations


   Skills:
 + Level 5.2 Fighting
 + Level 5.1 Axes
 + Level 3.5 Armour
 + Level 4.8 Dodging
 - Level 1.5 Stealth
 + Level 3.1 Shields


You had 5 spell levels left.
You didn't know any spells.
Your spell library was empty.

Dungeon Overview and Level Annotations

Branches:
Dungeon (5/15)             Temple (1/1) D:4

Altars:
Cheibriados
Dithmenos
Elyvilon
Fedhas
Gozag
Hepliaklqana
Kikubaaqudgha
Makhleb
Qazlal
Ru
Sif Muna
Trog
Uskayaw
Vehumet
Wu Jian
Xom
Zin


Innate Abilities, Weirdness & Mutations

You reflexively headbutt those who attack you in melee.
You have a pair of horns on your head.


Message History

* * * LOW HITPOINT WARNING * * *
The orc shouts!
Okay, then.
As you read the scroll of teleportation, it crumbles to dust.
You feel strangely unstable.
The orc priest mumbles some strange prayers to Beogh against you.
Beogh smites you!
* * * LOW HITPOINT WARNING * * *
You block the orc's attack. The orc hits you but does no damage.
Your surroundings suddenly seem different.
An ogre comes into view. It is wielding a +0 giant club.
The ogre shouts!
Found a scroll of teleportation.
A howler monkey skeleton comes into view.
Found a scroll of teleportation.
Found 28 stones.
The ogre hits you with a +0 giant club.
You die...
Your body crumbles into a pile of gold.

..............#
..............##
......?#......#
#+###.....#......#
#.........#..#...# .
#.............### ..#
..
#...........#.###...#
.
#####..#.#...OZ.......
#
#........#....@.......
###
#.....................
#..
#.####.#.###.....#....
#.. #......#.#
#....?#..(. .#..
#..................
... ....
#..............##...
.. #...
#...........##. ....
#... #..............
..... #.##
#.........####. # #


You could see an ogre and a howler monkey skeleton.

Vanquished Creatures
  An ogre (D:4)
  A hound (D:4)
  A bullfrog skeleton (D:4)
  3 worker ants
  8 adders
  A shadow imp (D:5)
  2 oozes
  An adder skeleton (D:4)
  4 worms
  4 dart slugs
  2 leopard geckos
  13 orcs
  6 giant cockroaches
  11 hobgoblins
  6 jackals
  5 kobolds
  2 quokkas
  4 ball pythons
  7 bats
  4 frilled lizards
  7 goblins
  10 rats
103 creatures vanquished.

Notes
Turn   | Place    | Note
-------+----------+-------------------------------------------
     0 | D:1      | schauveau the Minotaur Monk began the quest for the Orb.
     0 | D:1      | Reached XP level 1. HP: 19/19 MP: 0/0
   165 | D:1      | Reached XP level 2. HP: 26/27 MP: 1/1
   176 | D:1      | Reached skill level 1 in Armour
   810 | D:1      | Reached XP level 3. HP: 30/33 MP: 2/2
  1672 | D:2      | Reached skill level 1 in Shields
  1681 | D:2      | Reached XP level 4. HP: 21/40 MP: 3/3
  1959 | D:2      | Found a stormy altar of Qazlal.
  3129 | D:3      | Reached XP level 5. HP: 42/47 MP: 4/4
  3891 | D:5      | Entered Level 5 of the Dungeon
  3967 | D:4      | Found a staircase to the Ecumenical Temple.
  3982 | Temple   | Entered the Ecumenical Temple
  3990 | Temple   | Became a worshipper of Gozag Ym Sagoz the Greedy
  4550 | D:4      | Reached XP level 6. HP: 51/55 MP: 5/5
  4750 | D:4      | Reached skill level 5 in Fighting
  4750 | D:4      | Reached skill level 5 in Axes
  4937 | D:5      | Found a shimmering blue altar of Sif Muna.
  4940 | D:5      | Found a white marble altar of Elyvilon.
  4963 | D:5      | Found a hazy altar of Hepliaklqana.
  4963 | D:5      | Found a bloodstained altar of Trog.
  4963 | D:5      | Found an ornate altar of the Wu Jian Council.
  4965 | D:5      | Found a burning altar of Makhleb.
  4966 | D:5      | Found a stormy altar of Qazlal.
  5035 | D:5      | HP: 1/56 [orc priest/divine providence (10)]
  5052 | D:5      | Slain by an ogre

Illustrated notes

Levels and vault maps discovered:
D:1:      wander_arrival_chamber, layout_basic, fountainhead
D:2:      layout_basic, nicolae_qazlal_eye_of_the_storm
D:3:      layout_basic, chequers_jeans, kennysheep_big_empty_room
D:4:      layout_loops_cross, minmay_temple_entry_antechambers, first_ration
D:5:      layout_basic, minitemple, corexii_leaking_fountain,
          fedhas_ov_isle_minmay
Temple:   compressed_dpeg_circular_temple

Skill      XL: |  1  2  3  4  5  6 |
---------------+-------------------+-----
Armour         | 1 2 3 |  3.5
Axes           | 4 5 |  5.1
Fighting       | 4 5 |  5.2
Shields        | 1 2 3 |  3.1
Dodging        | 4 |  4.8
Stealth        | |  1.5

Action                   |  1- 3 |  4- 6 || total
-------------------------+-------+-------++-------
Melee: Hand axe          |   109 |   181 ||   290
       Headbutt          |    18 |    35 ||    53
Throw: Javelin           |       |     3 ||     3
  Use: Scroll            |       |     9 ||     9
 Stab: Sleeping          |     4 |     1 ||     5
  Eat: Chunk             |     2 |     9 ||    11
       Ration            |       |     1 ||     1
Armor: Robe              |    14 |       ||    14
       Ring mail         |    17 |    42 ||    59
       Chain mail        |       |    30 ||    30
Dodge: Dodged            |    70 |    83 ||   153
Block: Kite shield       |    41 |    84 ||   125
